 Dungeon Crawl Stone Soup version 0.31-a0-234-gad7ace16ef (webtiles) character file.

Game seed: 7183035403512220938

219 qw the Shooter (level 5, -1/45 HPs)
             Began as a Minotaur Hexslinger on July 9, 2023.
             Slain by a quokka (2 damage)
             ... summoned by Eustachio
             ... on level 4 of the Dungeon.
             The game lasted 00:00:56 (1985 turns).

qw the Shooter (Minotaur Hexslinger)                Turns: 1985, Time: 00:00:57

Health: -1/45      AC:  4    Str: 13    XL:     5   Next: 63%
Magic:  5/5        EV: 12    Int: 10    God:
Gold:   121        SH:  0    Dex: 14    Spells: 5/6 levels left

rFire   . . .        Y - +3 sling
rCold   . . .        (no shield)
rNeg    . . .        n - +0 leather armour
rPois   .            (helmet restricted)
rElec   .            (no cloak)
rCorr   .            (no gloves)
SInv    .            k - +0 pair of boots
Will    .....        (no amulet)
Stlth   +            (no ring)
HPRegen 0.27/turn    (no ring)
MPRegen 0.09/turn

%: no passive effects
@: no status effects
A: horns 2, retaliatory headbutt
a: no special abilities


You were on level 4 of the Dungeon.
You visited 1 branch of the dungeon, and saw 4 of its levels.

You collected 121 gold pieces.


Innate Abilities, Weirdness & Mutations

You have a pair of horns on your head.
You reflexively headbutt those who attack you in melee.


   Skills:
 - Level 3.1 Fighting
 - Level 6.0 Ranged Weapons
 + Level 0.0 Armour
 - Level 2.1 Dodging
 - Level 1.0 Spellcasting
 - Level 2.0 Hexes


You had 5 spell levels left.
You knew the following spells:

 Your Spells              Type           Power      Damage    Failure   Level
a - Slow                  Hex            16%        N/A       19%         1

Your spell library contained the following spells:

 Spells                   Type           Power      Damage    Failure   Level
 Inner Flame              Hex/Fire       2%         N/A       65%         3
 Portal Projectile        Hex/Tloc       4%         N/A       65%         3
 Cause Fear               Hex            2%         N/A       88%         4

Inventory:

Hand Weapons
 Y - a +3 sling (weapon)
Armour
 a - a +0 ring mail
 k - a +0 pair of boots (worn)
 n - a +0 leather armour (worn)
Scrolls
 f - a scroll of identify
Potions
 b - a potion of resistance {unknown}
 d - a potion of brilliance {unknown}
 e - 3 potions of curing
 g - a potion of enlightenment {unknown}
 h - a potion of heal wounds {unknown}
 i - a potion of mutation {unknown}

Dungeon Overview and Level Annotations

Branches:
Dungeon (4/15)
 Temple: D:4-7

Altars:
Ru
Yredelemnul
Zin

Annotations:
D:4 Eustachio


Message History

The phantom is severely damaged.
The phantom misses you. You furiously retaliate!
You headbutt the phantom.
Eustachio casts a spell.
You shoot a sling bullet.
The sling bullet closely misses the phantom.
The bat barely misses you. The phantom barely misses you.
Eustachio hits you with a +0 falchion.
You shoot a sling bullet. The sling bullet hits the phantom!
You destroy the phantom!
The bat misses you. The bat closely misses you. Eustachio barely misses you.
Eustachio twirls his moustache.
Eustachio casts a spell.
Eustachio blinks!
The quokka bites you but does no damage.
Your Ranged Weapons skill increases to level 6!
You shoot a sling bullet. The sling bullet hits the quokka.
The quokka is heavily wounded.
The bat barely misses you. The quokka bites you. The bat barely misses you.
You shoot a sling bullet.
The sling bullet barely misses the quokka.
The bat barely misses you. The bat completely misses you.
The quokka bites you but does no damage.
The bat closely misses you.
You shoot a sling bullet.
The sling bullet hits Eustachio but does no damage.
Eustachio is heavily wounded.
The bat hits you but does no damage. The quokka bites you.
The bat hits you but does no damage. The bat completely misses you.
You furiously retaliate!
You headbutt the bat.
You kill the bat!
The bat's corpse disappears in a puff of smoke!
Eustachio asks, "How can you live without manners, virtues and honour?"
Eustachio gestures wildly while chanting.
The quokka bites you but does no damage.
You shoot a sling bullet. The sling bullet hits Eustachio!
Eustachio is severely wounded.
The bat closely misses you.
Eustachio mumbles some strange words.
Eustachio blinks!
The quokka bites you.
You die...

#... ..# #...
...####.##### #.@..
#...#........#
#...#####....+.........
#............##.~~~~.~~
#..b..r.....##.~~~~.~~
#....r....# #.~~~~.~~
#¤@¤...# #.~~~~)~~
####)### #.~~~~... #..#
#.......~ #.##
#.~~~~~.~
.#.####.#######.~~~~~.~
...........%<%..~~~~~.~
###############.~~~~~.~
#........ ##.###...


You could see Eustachio, a quokka (summoned), a bat (summoned) and a rat
(summoned).

Vanquished Creatures
  A phantom (D:4)
  Terence (D:2)
  5 adders
  2 worms
  2 dart slugs
  10 ball pythons
  8 endoplasms
  3 giant cockroaches
  9 goblins
  3 hobgoblins
  9 quokkas
  A bat (D:2)
  2 frilled lizards
  2 kobolds
  A rat (D:2)
59 creatures vanquished.

Notes
Turn   | Place    | Note
-------+----------+-------------------------------------------
     0 | D:1      | qw the Minotaur Hexslinger began the quest for the Orb.
     0 | D:1      | Reached XP level 1. HP: 16/16 MP: 1/1
     0 | D:1      | 0 ||| qw: Version: 0.3-a-51-g015441d
     0 | D:1      | 0 ||| qw: Game counter: 4363
     0 | D:1      | 0 ||| qw: Melee chars always use a shield: true
     0 | D:1      | 0 ||| qw: God list: Okawaru
     0 | D:1      | 0 ||| qw: Allow faded altars: false
     0 | D:1      | 0 ||| qw: Do Orc after clearing Dungeon:15 true
     0 | D:1      | 0 ||| qw: Do second Lair branch before Depths: true
     0 | D:1      | 0 ||| qw: Lair rune preference: random
     0 | D:1      | 0 ||| qw: Goals: Normal
     0 | D:1      | 0 ||| PLANNING D:1-11
    67 | D:1      | Reached skill level 3 in Ranged Weapons
    67 | D:1      | Reached XP level 2. HP: 23/23 MP: 2/2
   318 | D:1      | 318 ||| DRINKING 2 lumpy cyan potions.
   319 | D:1      | 319 ||| DROPPING scroll of poison.
   382 | D:2      | Reached XP level 3. HP: 25/29 MP: 3/3
   382 | D:2      | 382 ||| FLEEEEING.
   383 | D:2      | 383 ||| FLEEEEING.
   641 | D:2      | Reached skill level 4 in Ranged Weapons
   711 | D:2      | Noticed Terence
   723 | D:2      | Killed Terence
   724 | D:2      | Reached XP level 4. HP: 24/36 MP: 4/4
   928 | D:2      | 928 ||| FLEEEEING.
   929 | D:2      | 929 ||| FLEEEEING.
   930 | D:2      | 930 ||| FLEEEEING.
   931 | D:2      | 931 ||| FLEEEEING.
   934 | D:2      | 934 ||| FLEEEEING.
   935 | D:2      | 935 ||| FLEEEEING.
   936 | D:2      | 936 ||| FLEEEEING.
   937 | D:2      | 937 ||| FLEEEEING.
   938 | D:2      | 938 ||| FLEEEEING.
   939 | D:2      | 939 ||| FLEEEEING.
  1295 | D:2      | 1295 ||| UPGRADING to +0 pair of boots.
  1300 | D:2      | 1300 ||| UPGRADING to +0 leather armour.
  1310 | D:2      | 1310 ||| DROPPING +0 robe.
  1311 | D:2      | 1311 ||| READING 3 scrolls labelled FEQIYN JACUF.
  1312 | D:2      | 1312 ||| READING scroll labelled INAZOA CIVUID.
  1313 | D:2      | 1313 ||| READING scroll labelled KOSYGA BANOPS.
  1314 | D:2      | 1314 ||| READING scroll labelled DOVVOL XICKAO.
  1315 | D:2      | 1315 ||| DRINKING 3 bubbling cyan potions.
  1420 | D:2      | 1420 ||| DROPPING 2 scrolls of immolation.
  1421 | D:2      | 1421 ||| DROPPING 2 potions of berserk rage.
  1476 | D:3      | Reached skill level 5 in Ranged Weapons
  1592 | D:3      | 1592 ||| READING scroll of enchant weapon.
  1592 | D:3      | 1592 ||| ENCHANTING +2 sling.
  1654 | D:3      | Reached skill level 3 in Fighting
  1729 | D:3      | Reached XP level 5. HP: 45/45 MP: 5/5
  1820 | D:3      | 1820 ||| READING scroll labelled BUBANE JUROKH.
  1821 | D:3      | 1821 ||| READING scroll labelled BOPURHECSE.
  1912 | D:4      | Found a faded altar of an unknown god.
  1912 | D:4      | Found a glowing silver altar of Zin.
  1921 | D:4      | Found a basalt altar of Yredelemnul.
  1923 | D:4      | Found a faded altar of an unknown god.
  1925 | D:4      | Found a sacrificial altar of Ru.
  1966 | D:4      | Noticed Eustachio
  1969 | D:4      | Noticed a phantom
  1977 | D:4      | HP: 6/45 [Eustachio/puff of flame (8)]
  1981 | D:4      | Killed a phantom
  1982 | D:4      | Reached skill level 6 in Ranged Weapons
  1982 | D:4      | HP: 1/45 [quokka[Eustachio] (4)]
  1985 | D:4      | Slain by a quokka

Levels and vault maps discovered:
D:1:      enne_arrival_octagon_isle, layout_rooms
D:2:      layout_basic, minmay_ruptured, uniq_terence
D:3:      layout_rooms
D:4:      layout_loops_ring, old_standard_altar,
          chequers_temple_overflow_minitemple, elyvilon_altar_3,
          minmay_temple_entry_offerings, minivault_14, kennysheep_potato,
          uniq_eustachio, uniq_natasha

Skill      XL: |  1  2  3  4  5 |
---------------+----------------+-----
Ranged Weapons | 3 4 5 6 |  6.0
Fighting       | 2 3 |  3.1
Dodging        | |  2.1
Spellcasting   | |  1.0
Hexes          | |  2.0

Action                     |  1- 3 |  4- 6 || total
---------------------------+-------+-------++-------
   Fire: Sling             |    80 |   119 ||   199
    Use: Potion            |     1 |     1 ||     2
         Scroll            |       |     7 ||     7
 Armour: Robe              |     5 |     2 ||     7
         Leather armour    |       |    16 ||    16
  Dodge: Dodged            |    18 |    59 ||    77

Table legend:
 A = Non-vault XP
 B = Vault XP
 C = Vault XP percentage of total XP
 D = Non-vault monster count
 E = Vault monster count
 F = Vault count percentage of total count
                 A         B        C        D         E       F
            +---------+---------+-------+---------+---------+-------
      Total |     165 |     148 |  47.3 |      55 |       4 |   6.8
            +---------+---------+-------+---------+---------+-------
        D:1 |      32 |       0 |   0.0 |      15 |       0 |   0.0
        D:2 |      68 |      41 |  37.6 |      18 |       3 |  14.3
        D:3 |      55 |       0 |   0.0 |      16 |       0 |   0.0
        D:4 |      10 |     107 |  91.5 |       6 |       1 |  14.3
            +---------+---------+-------+---------+---------+-------
